AoeStats
← Cavaliers_King

Enclosed

506509847Analyzed
1v1 RM · 20d ago on Sep 13, 2026· 41m 3s· 2 players
Game mode
Random Map
Map size
Tiny (2 player)
Population
200
Speed
Normal
Resources
Standard
Victory
Conquest
Starting age
Dark Age
Ending age
Imperial Age
RankedLock teamsTeams togetherTeam positionsShared explorationLock speedFull tech treeHidden civsTurbo modeCheats
Victory
Defeat
🇪🇸 Wei · Spain
1719
+13
🇦🇷 Slavs · Argentina
1647
-13
Cavaliers_King
8:39 Loom
10:50 Feudal Age
15:04 Castle Age
14:03 Double-Bit Axe
14:02 Horse Collar
15:57 Bow Saw
21:15 Gold Mining
21:32 Scale Barding Armor
22:33 Forging
25:09 Wheelbarrow
25:02 Heavy Plow
25:31 Bloodlines
30:58 Imperial Age
29:56 Iron Casting
29:46 Chain Barding Armor
29:30 Husbandry
30:02 Man-at-Arms
30:44 Squires
30:47 Scale Mail Armor
31:23 Iron Casting
31:20 Hand Cart
31:28 Hand Cart
30:55 Long Swordsman
32:43 Two-Man Saw
32:19 Gold Shaft Mining
32:47 Chain Mail Armor
32:20 Two-Handed Swordsman
34:44 Plate Mail Armor
35:15 Light Cavalry
35:20 Capped Ram
36:04 Stone Mining
36:45 Crop Rotation
36:43 Town Watch
36:48 Champion
40:08 Blast Furnace
39:30 Fletching
39:58 Padded Archer Armor
TdB.Markus
9:00 Feudal Age
9:16 Loom
9:43 Double-Bit Axe
9:45 Horse Collar
17:56 Castle Age
16:26 Gold Mining
17:27 Scale Barding Armor
17:47 Bloodlines
18:18 Forging
20:57 Wheelbarrow
21:45 Bow Saw
22:24 Heavy Plow
25:27 Hand Cart
26:17 Pikeman
28:21 Iron Casting
27:46 Scale Mail Armor
33:30 Imperial Age
32:27 Husbandry
34:07 Chain Barding Armor
34:48 Conscription
35:34 Elite Tiger Cavalry
39:02 Ming Guang Armor
Connection lost

Rejoining the realm…

Still unreachable

The connection could not be restored.

Session expired

The server has moved on; the page needs a fresh start.